Map: Ulzaan

Players

Inferno - Winner!

  • Race: Terran Terran
  • League: Diamond
  • Spawn Location: 1:00

JAMER - Winner!

  • Race: Protoss Protoss
  • League: Platinum
  • Spawn Location: 3:00

OpuS

  • Race: Protoss Protoss
  • League: Platinum
  • Spawn Location: 9:00

Sketchaphone

  • Race: Zerg Zerg
  • League: Platinum
  • Spawn Location: 11:00

VOD

Have the link to the VOD?

Description

Time

  • Played on: Feb. 19, 2019, 9:02 p.m.
  • Length: 18:28
Show
View Real Time Build Order
Export as new Build Order

Inferno Terran - Winner!

Build Orders:  

Get SALT Encoding   

  12  0:06  SCV  
  13  0:18  SCV  
  14  0:24  Supply Depot  
  14  0:30  SCV  
  15  0:47  Barracks  
  15  0:51  SCV  
  16  1:03  SCV  
  17  1:10  Barracks  
  17  1:15  SCV  
  17  1:17  Refinery  
  18  1:27  SCV  
  19  1:39  SCV  
  20  1:54  Command Center  
  20  1:58  SCV  
  20  2:01  Marine x2  
  23  2:09  Supply Depot  
  23  2:26  Orbital Command, Supply Depot  
  23  2:32  Marine  
  23  2:33  Marine  
  24  2:50  Marine x2  
  26  2:55  SCV  
  27  3:03  Refinery  
  27  3:10  Factory  
  27  3:12  Orbital Command  
  27  3:17  Marine  
  27  3:18  Marine  
  29  3:20  SCV  
  30  3:32  SCV  
  26  3:50  Marine x2  
  26  3:54  Factory Tech Lab  
  28  3:57  Barracks, SCV x2  
  30  4:08  Marine x2  
  30  4:09  SCV x2  
  34  4:14  Siege Tank  
  37  4:21  SCV x2  
  39  4:27  Barracks Tech Lab  
  39  4:35  Barracks Reactor  
  39  4:38  SCV x2  
  41  4:46  Stimpack, Siege Tank  
  41  4:50  SCV x2  
  46  5:02  SCV x2  
  46  5:04  Barracks Reactor  
  46  5:05  Barracks Tech Lab  
  48  5:14  SCV x2  
  48  5:15  Barracks, Engineering Bay  
  48  5:17  Engineering Bay  
  50  5:22  Refinery  
  50  5:26  SCV x2  
  50  5:27  Concussive Shells  
  52  5:29  Marauder  
  54  5:41  Starport  
  54  5:48  Marauder, Refinery, SCV x2  
  54  5:49  Supply Depot  
  58  5:50  Supply Depot  
  58  5:51  Supply Depot  
  58  5:58  Terran Infantry Weapons Level 1  
  58  6:04  SCV  
  58  6:07  Terran Infantry Armor Level 1  
  58  6:10  Barracks Tech Lab  
  59  6:25  Armory  
  59  6:33  Starport Reactor  
  59  6:39  Marine x2  
  60  6:40  Marine  
  60  6:45  Marauder x2, Siege Tank  
  69  6:58  Marauder  
  71  7:06  Marauder x2, Marine x2  
  77  7:14  Medivac x2  
  81  7:23  Marine x2  
  83  7:41  Marine x2, Command Center  
  85  7:44  Medivac x2  
  85  7:47  Terran Vehicle Weapons Level 1  
  89  7:54  Terran Infantry Weapons Level 2  
  89  7:57  Marauder x2  
  93  7:59  Marine  
  94  8:17  Supply Depot  
  94  8:20  Supply Depot  
  94  8:39  Marauder, Siege Tank  
  94  8:40  Supply Depot  
  101  8:41  Marauder  
  101  8:42  Marauder, Marine x2, Supply Depot  
  105  9:01  Marauder  
  107  9:05  Supply Depot  
  107  9:06  Supply Depot  
  100  9:28  Supply Depot  
  93  9:39  Marine  
  93  9:40  Marine x4  
  98  9:46  Supply Depot  
  98  9:57  Marine x2  
  98  9:58  Medivac x2, Marine x3, Siege Tank  
  110  10:07  Supply Depot  
  110  10:09  Supply Depot  
  110  10:15  Marine x3  
  110  10:16  Marine x2  
  115  10:30  Siege Tank  
  103  10:54  Viking x2  
  107  10:57  Terran Vehicle And Ship Armor Level 1  
  107  11:03  Armory, Siege Tank  
  104  11:20  Marauder x3  
  104  11:24  Viking  
  112  11:32  Viking  
  114  11:38  Terran Infantry Armor Level 2, Terran Infantry Weapons Level 3  
  114  11:41  Marauder x2  
  118  11:54  Viking  
  120  11:59  Terran Ship Weapons Level 1  
  120  12:02  Viking  
  122  12:11  Orbital Command  
  122  12:12  Refinery  
  122  12:13  SCV x2  
  124  12:16  Refinery  
  124  12:24  Viking  
  124  12:25  SCV x2  
  122  12:32  Viking  
  118  12:37  SCV x2  
  118  12:49  SCV  
  115  13:28  Marauder x2, Marine  
  115  13:29  Marauder, Marine  
  115  13:32  Viking x2  
  127  13:34  Terran Vehicle And Ship Armor Level 2  
  127  13:46  Marine x2  
  127  13:49  Marine x2  
  127  13:50  Marauder  
  106  14:02  Starport, Viking x2  
  101  14:04  Marine x2  
  101  14:09  Terran Infantry Armor Level 3  
  107  14:10  Factory  
  103  14:28  Marine x3  
  103  14:29  Marine x2  
  103  14:30  Combat Shield  
  108  14:32  Viking x2, Thor  
  108  14:36  Terran Vehicle Weapons Level 2  
  118  14:40  Starport  
  118  14:46  Marine x4  
  122  14:54  Starport Reactor  
  122  14:56  Factory Tech Lab  
  122  14:59  Armory  
  122  15:03  Marine  
  122  15:04  Marine x4  
  122  15:05  Medivac x2  
  131  15:21  Marine x2  
  132  15:22  Marine x3  
  132  15:26  Thor  
  142  15:33  Command Center  
  142  15:35  Viking x2  
  146  15:36  Thor  
  152  16:12  Viking  
  152  16:13  Viking x3  
  152  16:14  Starport Reactor  
  152  16:15  Thor  
  165  16:36  Thor  
  171  16:57  Thor  
  177  17:19  Thor  
  158  17:46  Marauder x2  
  158  17:47  Marauder  
Show
View Real Time Build Order
Export as new Build Order

JAMER Protoss - Winner!

Build Orders: Phoenix Opening, Carriers 

Get SALT Encoding   

  1  0:00  Probe  
  13  0:09  Probe  
  14  0:21  Pylon  
  14  0:40  Gateway  
  14  0:45  Assimilator  
  14  0:47  Probe  
  15  0:59  Probe  
  16  1:07  Probe  
  17  1:14  Pylon  
  17  1:15  Probe  
  18  1:26  Probe  
  19  1:38  Probe  
  20  1:41  Cybernetics Core  
  20  1:49  Assimilator  
  20  1:50  Probe  
  21  2:02  Probe  
  22  2:18  Stargate  
  22  2:29  Nexus  
  22  2:31  Pylon  
  22  2:53  Phoenix  
  22  2:56  Forge  
  24  3:10  Phoenix  
  26  3:24  Probe  
  27  3:33  Phoenix  
  27  3:36  Probe  
  30  3:48  Probe  
  31  3:53  Phoenix  
  31  3:54  Photon Cannon  
  31  3:56  Shield Battery  
  33  4:03  Photon Cannon  
  33  4:06  Probe  
  34  4:21  Phoenix  
  36  4:32  Fleet Beacon  
  36  4:35  Probe  
  37  5:06  Carrier  
  35  5:18  Probe  
  35  5:19  Probe  
  42  5:26  Probe, Assimilator  
  43  5:32  Probe, Assimilator  
  45  5:36  Probe  
  46  5:44  Probe  
  46  5:47  Probe  
  48  5:55  Probe  
  48  5:56  Probe  
  49  6:03  Probe  
  50  6:08  Probe  
  52  6:12  Pylon  
  52  6:14  Pylon, Probe  
  52  6:17  Pylon  
  53  6:20  Probe  
  53  6:23  Pylon  
  54  6:27  Pylon  
  54  6:30  Probe  
  54  6:32  Probe  
  56  6:40  Carrier  
  56  6:42  Probe  
  56  6:44  Probe  
  58  6:51  Protoss Air Weapons Level 1  
  64  6:54  Probe  
  64  7:00  Stargate  
  65  7:11  Photon Cannon  
  65  7:13  Photon Cannon  
  65  7:15  Photon Cannon  
  65  7:41  Carrier x2  
  77  8:00  Pylon  
  77  8:03  Photon Cannon  
  77  8:06  Photon Cannon  
  77  8:08  Mothership  
  77  8:15  Cybernetics Core  
  85  8:33  Nexus  
  85  8:36  Assimilator  
  85  8:40  Assimilator  
  85  8:44  Pylon  
  85  8:46  Pylon  
  85  8:52  Carrier x2  
  93  9:51  Probe  
  93  9:56  Carrier  
  93  9:57  Carrier  
  93  9:59  Probe  
  107  10:09  Probe  
  108  10:21  Probe  
  103  10:33  Probe  
  92  10:57  Probe  
  92  10:59  Stargate  
  92  11:00  Carrier  
  92  11:01  Pylon, Anion Pulse-Crystals  
  93  11:04  Pylon  
  93  11:05  Probe  
  93  11:09  Carrier  
  94  11:11  Stargate  
  94  11:15  Probe  
  95  11:21  Protoss Air Weapons Level 2  
  107  11:27  Probe  
  108  11:35  Phoenix  
  108  11:37  Photon Cannon x2  
  108  11:39  Photon Cannon  
  109  11:41  Photon Cannon  
  110  11:54  Protoss Air Armor Level 1  
  110  11:57  Phoenix  
  112  12:08  Phoenix  
  112  12:13  Phoenix  
  116  12:21  Carrier  
  116  12:22  Phoenix  
  110  13:21  Carrier  
  110  13:32  Carrier x2  
  128  13:37  Carrier  
  104  14:22  Protoss Air Armor Level 2  
  104  14:23  Protoss Air Weapons Level 3  
  98  14:26  Carrier  
  104  14:55  Carrier  
  104  14:56  Carrier  
  116  15:05  Carrier  
  122  15:26  Mothership  
  122  15:28  Photon Cannon  
  122  15:31  Pylon  
  122  15:35  Nexus, Pylon, Carrier  
  128  15:38  Pylon, Assimilator  
  128  15:42  Assimilator  
  128  15:46  Pylon  
  128  15:49  Pylon  
  136  16:12  Photon Cannon x2  
  136  16:14  Photon Cannon  
  136  16:15  Photon Cannon  
  136  16:16  Photon Cannon  
  136  16:38  Carrier  
  142  16:40  Carrier x2  
  142  16:46  Probe  
  155  16:54  Probe  
  156  17:04  Probe  
  157  17:16  Probe  
  158  17:28  Probe  
Show
View Real Time Build Order
Export as new Build Order

OpuS Protoss 

Build Orders:  

Get SALT Encoding   

  12  0:01  Probe  
  13  0:13  Probe  
  14  0:20  Pylon  
  14  0:25  Probe  
  15  0:39  Gateway  
  15  0:43  Probe  
  16  0:54  Assimilator  
  16  0:55  Probe  
  17  1:00  Assimilator  
  17  1:07  Probe  
  18  1:15  Gateway  
  18  1:17  Probe  
  19  1:31  Cybernetics Core  
  19  1:34  Pylon  
  19  1:42  Probe  
  20  1:54  Probe  
  20  1:58  Pylon  
  21  2:06  Probe  
  22  2:08  Stalker  
  22  2:12  Warp Gate  
  24  2:18  Stalker  
  24  2:22  Probe  
  27  2:34  Probe  
  28  2:38  Robotics Facility  
  28  2:44  Probe  
  29  2:52  Probe  
  30  3:15  Nexus  
  30  3:18  Pylon  
  30  3:42  Shield Battery  
  30  3:45  Forge  
  26  3:49  Probe  
  28  3:55  Observer  
  28  4:00  Stalker x2  
  32  4:08  Twilight Council  
  32  4:14  Probe  
  33  4:20  Photon Cannon  
  33  4:24  Stalker  
  35  4:28  Probe  
  35  4:29  Probe  
  37  4:37  Stalker  
  39  4:40  Blink  
  39  4:41  Pylon  
  39  4:47  Probe  
  39  4:49  Probe  
  41  5:01  Stalker  
  41  5:02  Probe  
  44  5:21  Gateway  
  44  5:22  Probe  
  44  5:23  Probe  
  44  5:24  Gateway  
  46  5:32  Stalker x2  
  49  5:45  Probe x2  
  49  5:49  Stargate  
  51  5:52  Shield Battery  
  51  5:57  Probe x2  
  51  6:00  Observer  
  54  6:09  Probe x2  
  56  6:16  Assimilator  
  56  6:20  Assimilator  
  56  6:21  Probe x2, Stargate  
  58  6:30  Photon Cannon  
  58  6:33  Probe x2  
  60  6:42  Fleet Beacon  
  60  6:45  Probe  
  60  6:46  Probe  
  62  6:56  Stargate  
  62  6:57  Probe  
  62  6:58  Probe  
  64  7:17  Zealot x2  
  64  7:18  Zealot  
  70  7:23  Pylon  
  70  7:25  Pylon  
  70  7:28  Pylon  
  69  7:30  Pylon  
  68  7:41  Tempest x2  
  78  7:48  Stalker x2  
  78  7:49  Stalker x2  
  86  8:03  Protoss Air Weapons Level 1  
  86  8:12  Pylon  
  86  8:14  Tempest x2  
  86  8:15  Photon Cannon  
  86  8:20  Nexus  
  86  8:26  Pylon  
  96  8:32  Templar Archives  
  96  8:57  Tempest  
  96  9:02  Probe x2  
  87  9:24  Tempest  
  87  9:30  Charge  
  65  9:39  Zealot, Tempest  
  65  9:40  Zealot x3  
  78  10:07  Tempest  
  83  10:18  Zealot  
  83  10:19  Stalker x3  
  91  10:22  Tempest  
  96  10:42  Tempest  
  91  10:55  Tempest  
  96  10:57  Probe x3  
  96  11:02  Zealot x2  
  96  11:03  Zealot x2  
  107  11:09  Gateway  
  107  11:11  Gateway  
  112  11:13  Gateway  
  112  11:15  Gateway  
  112  11:17  Probe x3  
  115  11:26  Psionic Storm  
  115  11:29  Probe x3  
  118  11:33  Zealot x4  
  126  11:43  Probe x3  
  129  11:52  Assimilator  
  129  11:55  Pylon, Probe x2  
  129  11:56  Pylon, Assimilator  
  129  11:57  Pylon  
  131  12:12  Tempest x2  
  131  12:14  Probe x3  
  144  12:16  Observer  
  143  12:26  Probe  
  81  12:46  Zealot  
  81  12:47  Zealot x4  
  89  12:55  Tempest  
  99  12:59  High Templar x2  
  99  13:01  Zealot  
  105  13:09  Zealot x5  
  103  13:31  High Templar x4  
  103  13:32  Zealot  
  103  13:33  Zealot x3  
  69  14:04  Archon x2  
  65  14:11  Zealot x4  
  65  14:12  Zealot x4  
  65  14:14  Probe x2  
  83  14:19  Dark Shrine  
  83  14:25  Observer  
  83  14:26  Probe x2  
  86  14:45  High Templar x2  
  90  14:46  Nexus, High Templar x2  
  90  14:50  Pylon  
  94  15:03  Tempest  
  99  15:09  Zealot  
  99  15:10  Zealot, High Templar  
  105  15:19  Protoss Ground Weapons Level 1  
  105  15:33  Dark Templar  
  107  15:42  Zealot x2  
  110  15:57  Observer  
  110  16:00  Assimilator  
  110  16:05  Assimilator  
  111  16:18  Observer  
  111  16:20  Tempest  
  111  16:22  Zealot x2  
  118  16:34  Zealot x2  
  121  16:52  Zealot x3  
  127  17:03  Tempest  
  122  17:29  Archon  
  87  17:35  Zealot x3  
  87  17:36  Zealot x5  
  88  17:58  Dark Templar x5  
  72  18:20  Stalker x3  
  72  18:24  Stargate  
Show
View Real Time Build Order
Export as new Build Order

Sketchaphone Zerg 

Build Orders: Hatch First 

Get SALT Encoding   

  12  0:01  Drone  
  13  0:12  Overlord  
  13  0:18  Drone  
  14  0:22  Extractor  
  14  0:24  Drone  
  15  0:32  Drone  
  15  0:34  Drone  
  17  0:58  Hatchery  
  17  1:00  Drone  
  17  1:02  Drone  
  18  1:05  Extractor  
  17  1:25  Spawning Pool  
  16  1:26  Drone  
  16  1:28  Drone  
  18  1:39  Drone  
  19  1:40  Overlord  
  19  1:55  Drone  
  20  2:02  Drone  
  21  2:11  Queen x2  
  21  2:15  Metabolic Boost  
  25  2:19  Drone  
  26  2:23  Drone  
  27  2:31  Zergling x2  
  27  2:32  Zergling x2  
  27  2:36  Zergling x4  
  31  2:42  Drone  
  31  2:43  Overlord  
  32  3:04  Drone x3  
  35  3:06  Overlord  
  35  3:14  Zergling x2  
  35  3:18  Drone  
  37  3:21  Lair  
  37  3:22  Overlord  
  37  3:24  Drone x3  
  40  3:29  Drone x2  
  38  3:41  Drone x2  
  38  3:42  Drone x2  
  42  3:52  Spore Crawler, Extractor  
  42  3:54  Spore Crawler  
  39  3:59  Drone  
  40  4:04  Drone x4  
  40  4:05  Evolution Chamber, Drone  
  40  4:06  Evolution Chamber  
  43  4:16  Pneumatized Carapace  
  43  4:18  Overlord  
  43  4:20  Overlord  
  43  4:33  Zerg Missile Weapons Level 1  
  43  4:38  Hydralisk Den, Zergling x8  
  42  4:39  Roach Warren, Zergling x2  
  45  4:48  Spore Crawler  
  44  5:04  Zerg Ground Armor Level 1  
  44  5:11  Drone x2  
  44  5:12  Extractor  
  44  5:13  Drone x4  
  50  5:14  Drone  
  50  5:15  Drone, Extractor  
  50  5:27  Hatchery  
  49  5:32  Glial Reconstitution  
  49  5:34  Roach x4  
  57  5:36  Roach  
  59  5:44  Overlord  
  59  5:45  Overlord  
  59  5:59  Overlord  
  59  6:00  Overlord  
  59  6:03  Overlord  
  59  6:13  Queen  
  59  6:14  Hydralisk x2  
  59  6:15  Hydralisk  
  67  6:24  Grooved Spines  
  67  6:25  Drone  
  68  6:26  Nydus Network  
  67  6:44  Overlord x2  
  67  6:47  Zerg Missile Weapons Level 2, Hydralisk x2  
  67  6:49  Drone  
  67  6:50  Drone  
  73  6:56  Queen  
  73  6:57  Drone  
  76  7:12  Zergling x14  
  76  7:13  Zergling x2  
  84  7:21  Zergling x10  
  89  7:42  Muscular Augments  
  89  7:43  Roach x3  
  89  7:44  Roach x3  
  101  7:52  Spire  
  101  7:55  Overlord  
  100  8:00  Overlord x2  
  100  8:02  Overlord  
  100  8:18  Overlord  
  100  8:23  Overseer  
  100  8:32  Overlord  
  100  8:35  Drone x2  
  100  8:36  Drone x5  
  100  8:38  Hatchery  
  106  8:42  Overlord  
  106  8:56  Overlord  
  106  8:57  Overlord  
  106  9:09  Infestation Pit  
  105  9:10  Nydus Canal  
  105  9:25  Lurker Den  
  104  9:34  Corruptor  
  104  9:35  Corruptor x6  
  96  9:44  Corruptor x2  
  100  9:51  Drone  
  100  9:52  Corruptor  
  101  9:53  Corruptor  
  82  10:38  Corruptor  
  82  10:39  Corruptor x5  
  82  10:44  Corruptor  
  82  11:04  Drone  
  82  11:05  Drone x2  
  85  11:20  Hatchery  
  84  11:33  Hatchery  
  83  11:42  Roach  
  83  11:44  Hydralisk x4  
  83  11:46  Roach x3  
  99  12:01  Roach x5  
  105  12:07  Overlord  
  109  12:11  Overlord  
  109  12:15  Hydralisk  
  109  12:16  Hydralisk x2  
  106  12:40  Corruptor  
  106  12:41  Corruptor x2  
  98  12:51  Drone  
  98  12:53  Drone x2  
  98  12:54  Drone  
  102  13:01  Corruptor  
  100  13:32  Corruptor x4  
  88  13:49  Corruptor  
  88  14:06  Corruptor  
  86  14:20  Hydralisk x4  
  86  14:21  Hydralisk  
  86  14:22  Roach x5  
  106  14:24  Drone x3  
  106  14:25  Drone  
  110  14:33  Nydus Canal  
  110  14:42  Drone x7  
  117  14:46  Drone  
  118  15:04  Extractor  
  118  15:05  Queen  
  118  15:06  Drone, Extractor  
  119  15:11  Overlord x4  
  119  15:22  Overlord  
  119  15:29  Drone x2  
  119  15:30  Drone  
  119  15:31  Drone x2  
  124  15:45  Queen  
  124  15:48  Corruptor x2  
  130  15:56  Extractor  
  130  15:57  Overseer, Extractor  
  128  16:11  Ravager x2  
  129  16:13  Hydralisk  
  129  16:14  Hydralisk x2  
  129  16:17  Hive  
  136  16:18  Pathogen Glands  
  136  16:22  Lurker  
  136  16:23  Lurker  
  138  16:26  Roach  
  138  16:31  Hatchery  
  139  16:33  Corruptor x2  
  143  16:45  Drone x5  
  148  16:58  Overseer  
  96  17:37  Hydralisk  
  96  17:38  Hydralisk x17  
  122  17:48  Hydralisk x2  
  122  17:51  Hydralisk x2  
  126  17:56  Hydralisk  
  116  18:00  Roach, Hydralisk  
  111  18:11  Lurker  
  111  18:12  Lurker  
Tags
 
Add a new tag
Caveats
  • Supply blocks, unpowered buildings, or Contaminate may cause inaccurate times.
  • Supply counts are checked every 10 seconds.